Map: Traitor's Exile

Players

AndreP

  • Race: Protoss Protoss
  • League: Gold
  • Spawn Location: 6:00

Echo

  • Race: Protoss Protoss
  • Spawn Location: 5:00

Smanamen - Winner!

  • Race: Zerg Zerg
  • League: Bronze
  • Spawn Location: 9:00

ToweringNoob - Winner!

  • Race: Terran Terran
  • League: Silver
  • Spawn Location: 12:00

VOD

Have the link to the VOD?

Description

Smana e Towering Noob

Time

  • Played on: Oct. 28, 2017, 9:01 a.m.
  • Length: 12:11
Show
View Real Time Build Order
Export as new Build Order

AndreP Protoss 

Build Orders:  

Get SALT Encoding   

  12  0:01  Probe (Chrono Boost)  
  13  0:12  Probe (Chrono Boost)  
  14  0:24  Pylon  
  14  0:27  Probe (Chrono Boost)  
  16  0:42  Probe (Chrono Boost)  
  16  0:46  Gateway  
  16  0:53  Probe (Chrono Boost)  
  17  1:03  Probe (Chrono Boost)  
  18  1:07  Assimilator  
  18  1:09  Pylon  
  18  1:14  Pylon, Probe (Chrono Boost)  
  19  1:35  Cybernetics Core  
  19  1:40  Gateway  
  19  1:58  Assimilator  
  19  2:01  Pylon  
  19  2:09  Zealot  
  21  2:24  Warp Gate (Chrono Boost)  
  21  2:29  Stalker  
  23  2:47  Stalker  
  25  2:54  Gateway  
  25  2:55  Gateway  
  25  3:01  Stalker  
  27  3:09  Probe  
  28  3:21  Probe  
  29  4:09  Twilight Council  
  29  4:13  Zealot  
  29  4:14  Zealot x3  
  37  4:22  Probe  
  38  4:26  Pylon  
  38  4:35  Pylon  
  38  5:05  Zealot x4  
  46  5:22  Forge  
  46  5:30  Zealot x2  
  46  5:31  Zealot  
  46  5:32  Nexus  
  46  5:33  Pylon  
  52  6:02  Photon Cannon  
  52  6:08  Photon Cannon  
  52  6:12  Photon Cannon  
  52  6:16  Stalker  
  54  6:22  Blink (Chrono Boost)  
  32  6:58  Stalker  
  32  6:59  Stalker x2  
  32  7:00  Stalker  
  38  7:10  Probe  
  38  7:11  Probe  
  40  7:17  Protoss Ground Weapons Level 1  
  40  7:22  Probe  
  41  7:35  Probe  
  41  7:36  Pylon  
  42  7:40  Photon Cannon  
  42  7:47  Probe  
  43  7:55  Stalker x2  
  47  7:59  Probe  
  48  8:07  Pylon  
  48  8:28  Stalker x3  
  48  8:29  Stalker  
  48  8:32  Probe  
  57  8:39  Robotics Facility  
  57  8:44  Probe  
  44  9:09  Stalker x2  
  29  9:29  Stalker x2  
  19  9:48  Stalker x2  
  21  10:13  Stalker  
  21  10:14  Stalker x2  
Show
View Real Time Build Order
Export as new Build Order

Echo Protoss 

Build Orders: 1 Gate Expand, Oracle Opening 

Get SALT Encoding   

  12  0:00  Probe (Chrono Boost)  
  13  0:11  Probe (Chrono Boost)  
  14  0:22  Probe (Chrono Boost)  
  14  0:24  Pylon  
  16  0:43  Gateway, Probe (Chrono Boost)  
  16  0:45  Assimilator  
  16  0:53  Probe (Chrono Boost)  
  17  1:04  Probe (Chrono Boost)  
  18  1:14  Probe (Chrono Boost)  
  19  1:28  Probe (Chrono Boost)  
  20  1:34  Nexus  
  20  1:39  Cybernetics Core  
  20  1:51  Assimilator  
  20  2:02  Pylon  
  20  2:14  Probe (Chrono Boost)  
  21  2:16  Warp Gate (Chrono Boost)  
  21  2:19  Stalker  
  23  2:26  Probe  
  24  2:36  Stargate  
  24  2:44  Probe (Chrono Boost)  
  25  2:45  Probe (Chrono Boost)  
  26  2:55  Probe (Chrono Boost)  
  27  3:02  Probe (Chrono Boost)  
  28  3:06  Mothership Core (Chrono Boost)  
  31  3:13  Probe (Chrono Boost)  
  29  3:47  Assimilator  
  31  3:52  Probe (Chrono Boost)  
  31  3:53  Probe (Chrono Boost)  
  31  3:55  Oracle (Chrono Boost)  
  36  4:06  Probe  
  36  4:07  Probe  
  36  4:17  Stargate, Probe  
  36  4:20  Assimilator, Probe  
  36  4:22  Stalker  
  40  4:29  Oracle (Chrono Boost)  
  31  4:41  Pylon  
  31  4:46  Pylon  
  31  5:05  Zealot  
  33  5:07  Probe x2 (Chrono Boost)  
  35  5:18  Probe (Chrono Boost)  
  35  5:19  Probe (Chrono Boost)  
  37  5:22  Void Ray  
  41  5:29  Probe x2 (Chrono Boost)  
  43  5:39  Probe (Chrono Boost)  
  43  5:40  Probe (Chrono Boost)  
  42  6:11  Probe x2 (Chrono Boost)  
  44  6:16  Forge, Phoenix x2 (Chrono Boost)  
  45  6:25  Pylon  
  45  6:28  Pylon  
  45  6:39  Phoenix (Chrono Boost)  
  47  6:41  Phoenix (Chrono Boost)  
  49  7:10  Phoenix x2 (Chrono Boost)  
  53  7:16  Protoss Shields Level 1 (Chrono Boost)  
  53  7:19  Probe  
  54  7:31  Phoenix x2 (Chrono Boost)  
  54  7:34  Photon Cannon  
  58  7:45  Photon Cannon, Probe x2  
  60  7:53  Protoss Air Weapons Level 1  
  60  7:57  Probe x2  
  62  8:03  Phoenix x2 (Chrono Boost)  
  64  9:04  Void Ray x2  
  70  9:47  Void Ray x2  
  62  10:03  Stalker  
  64  10:17  Probe x2  
  66  10:22  Stargate  
  66  10:25  Gateway  
  66  10:27  Gateway  
  66  10:29  Gateway, Stalker, Probe x2  
  66  10:30  Void Ray  
  74  10:41  Probe, Nexus  
Show
View Real Time Build Order
Export as new Build Order

Smanamen Zerg - Winner!

Build Orders: Pool First 

Get SALT Encoding   

  12  0:01  Drone  
  13  0:13  Overlord  
  13  0:20  Drone  
  14  0:31  Drone x2  
  14  0:35  Drone  
  17  0:48  Spawning Pool  
  16  0:51  Drone  
  16  0:56  Extractor, Drone  
  17  1:07  Drone  
  18  1:21  Overlord  
  18  1:31  Drone  
  19  1:34  Queen  
  21  1:44  Drone  
  22  1:57  Drone  
  23  2:03  Hatchery, Drone  
  24  2:15  Zergling x2  
  24  2:23  Lair  
  24  2:24  Zergling x2  
  25  2:31  Extractor  
  25  2:36  Metabolic Boost  
  24  2:41  Drone  
  25  2:48  Zergling x2  
  25  2:49  Zergling x4  
  28  2:59  Drone  
  29  3:11  Zergling x2  
  30  3:22  Spore Crawler, Zergling x2  
  30  3:23  Drone x3  
  33  3:28  Drone  
  33  3:29  Queen  
  33  3:30  Overlord  
  36  3:36  Overlord  
  36  3:50  Spire  
  36  3:54  Drone x2  
  37  4:07  Roach Warren  
  36  4:15  Drone x4  
  40  4:19  Drone  
  41  4:41  Zergling x4  
  41  4:42  Zergling x2  
  41  4:43  Overlord x2  
  39  5:02  Mutalisk x2  
  39  5:03  Mutalisk x3  
  47  5:11  Extractor  
  47  5:12  Extractor  
  45  5:16  Roach x3  
  51  5:34  Spore Crawler  
  51  5:35  Drone x6  
  56  5:43  Mutalisk  
  58  6:15  Mutalisk x2  
  62  6:24  Zerg Flyer Weapons Level 1  
  62  6:27  Overlord x2  
  62  6:29  Drone x4  
  66  6:34  Drone x2  
  66  6:48  Zergling x2  
  66  6:49  Roach x3  
  68  7:08  Roach x4  
  72  7:09  Roach x4  
  72  7:14  Glial Reconstitution  
  82  7:23  Roach  
  82  7:25  Overlord x3  
  84  7:43  Hatchery  
  83  7:45  Corruptor x3  
  83  7:48  Roach x2  
  93  7:56  Roach x2  
  94  8:27  Corruptor x2  
  94  8:28  Roach x2, Corruptor x2  
  94  8:29  Roach  
  94  8:31  Overlord  
  108  8:41  Overlord x2  
  106  9:04  Roach x5  
  106  9:05  Roach  
  100  9:35  Overlord x4  
  90  10:01  Overlord x6  
  86  10:15  Corruptor x2  
  52  11:03  Corruptor x3  
  52  11:04  Corruptor, Mutalisk x4  
  44  11:05  Corruptor x2  
  62  11:24  Corruptor  
  62  11:25  Corruptor x2  
  68  11:37  Mutalisk x2  
  68  11:38  Mutalisk x2  
  76  11:46  Mutalisk  
  70  11:49  Overlord x3  
  70  11:50  Overlord  
Show
View Real Time Build Order
Export as new Build Order

ToweringNoob Terran - Winner!

Build Orders: Reaper Expand 

Get SALT Encoding   

  12  0:01  SCV  
  13  0:18  SCV  
  14  0:27  Supply Depot  
  14  0:34  SCV, Refinery  
  15  0:48  SCV  
  16  0:51  Barracks  
  15  1:15  SCV  
  16  1:32  SCV  
  17  2:07  Supply Depot  
  17  2:08  Reaper  
  18  2:11  Orbital Command  
  18  2:14  Factory  
  18  2:37  SCV  
  19  2:42  Barracks  
  18  2:45  Marine  
  19  2:51  SCV  
  19  2:56  Command Center  
  20  2:59  Factory Tech Lab  
  20  3:02  Engineering Bay, Marine  
  21  3:24  SCV  
  21  3:25  Marine  
  22  3:51  Marine  
  23  3:59  SCV  
  23  4:01  Supply Depot  
  24  4:02  Barracks Tech Lab  
  24  4:03  Refinery  
  24  4:04  Terran Infantry Weapons Level 1  
  24  4:07  Siege Tank  
  27  4:11  SCV  
  27  4:16  Barracks Tech Lab  
  28  4:23  SCV  
  29  4:29  Marine  
  30  4:44  Marine  
  31  4:46  Combat Shields  
  31  4:49  Widow Mine  
  33  5:05  Marine x2  
  35  5:20  Starport  
  35  5:27  Missile Turret  
  35  5:30  Orbital Command  
  35  5:41  SCV  
  35  5:42  Marine x2  
  38  5:43  Missile Turret, Siege Tank  
  41  5:53  SCV  
  36  6:10  Missile Turret  
  36  6:14  SCV x2  
  36  6:15  Missile Turret  
  38  6:26  SCV  
  38  6:31  Missile Turret  
  39  6:35  SCV  
  39  6:38  SCV  
  40  6:47  SCV  
  34  6:56  Marine x2  
  34  6:58  SCV  
  34  6:59  SCV  
  38  7:02  Refinery  
  38  7:06  Refinery  
  38  7:12  Starport Reactor  
  38  7:27  SCV x2  
  40  7:39  SCV, Command Center  
  40  7:40  SCV  
  40  7:42  Supply Depot  
  42  7:48  Marine x2  
  42  7:49  Siege Tank  
  47  7:51  SCV  
  47  7:52  SCV  
  47  7:56  Factory  
  49  8:04  SCV, Supply Depot  
  49  8:05  Medivac x2  
  54  8:28  Marine x2  
  54  8:29  Siege Tank  
  59  8:44  Factory Tech Lab  
  59  8:48  Barracks  
  56  8:51  Armory  
  52  8:58  SCV x2  
  54  9:05  Missile Turret  
  54  9:13  Marine  
  54  9:14  Marine  
  56  9:26  Missile Turret  
  56  9:31  Marine x2  
  58  9:47  Marine  
  58  9:48  Siege Tank x2  
  58  9:49  Marine x2  
  58  9:50  Medivac, Viking  
  71  9:59  Planetary Fortress  
  71  10:02  SCV x2  
  73  10:11  Marine x2  
  76  10:14  SCV x2  
  78  10:26  SCV x2  
  78  10:28  Barracks Reactor  
  79  10:36  Barracks  
  79  10:41  SCV x3  
  82  10:53  SCV  
  82  10:55  SCV x2  
  85  10:59  Refinery  
  85  11:01  Refinery  
  85  11:03  Missile Turret  
  85  11:17  Supply Depot  
  85  11:18  SCV x2, Marine x4  
  91  11:26  Missile Turret  
  91  11:36  Marine  
  88  11:47  Marine x2  
  88  11:48  Marine x2  
  88  11:49  Missile Turret  
Tags
 
Add a new tag
Caveats
  • Supply blocks, unpowered buildings, or Contaminate may cause inaccurate times.
  • Supply counts are checked every 10 seconds.